 Dungeon Crawl Stone Soup version 0.30-a0-743-gbfdf073431 (webtiles) character file.

Game seed: 845655883148156782

1859 Gargoyl the Trooper (level 9, -7/56 HPs)
             Began as a Gargoyle Berserker on Feb 6, 2023.
             Was a Priest of Trog.
             Killed by divine providence
             ... invoked by an orc priest
              (13 damage)
             ... on level 6 of the Dungeon.
             The game lasted 00:07:33 (4666 turns).

Gargoyl the Trooper (Gargoyle Berserker)            Turns: 4666, Time: 00:07:34

Health: -7/56      AC: 22    Str: 22    XL:     9   Next: 13%
Magic:  9/9        EV:  7    Int:  7    God:    Trog [***...]
Gold:   328        SH:  0    Dex: 13    Spells: 8/8 levels left

rFire   . . .      SeeInvis .    w - +1 whip (venom)
rCold   . . .      Faith    .    (no shield)
rNeg    + . .      Spirit   .    j - +1 plate armour
rPois   ∞          Reflect  .    k - +0 helmet
rElec   +          Harm     .    (no cloak)
rCorr   .          Rampage  .    (no gloves)
Will    .....                    b - +0 pair of boots Stlth
                                 (no amulet)
HPRegen 0.29/turn                (no ring)
MPRegen 0.11/turn                (no ring)

@: no status effects
A: sickness immunity, AC +6, negative energy resistance 1, electricity
resistance, torment resistance 1, petrification resistance
a: Renounce Religion, Berserk, Trog's Hand


You were on level 6 of the Dungeon.
You worshipped Trog.
Trog was most pleased with you.
You visited 1 branch of the dungeon, and saw 6 of its levels.

You collected 328 gold pieces.

Inventory:

Hand Weapons
 a - a +0 hand axe
 q - a +0 scythe of venom
 w - a +1 whip of venom (weapon)
Missiles
 u - 2 javelins (quivered)
Armour
 b - a +0 pair of boots (worn)
 j - a +1 plate armour (worn)
 k - a +0 helmet (worn)
Wands
 m - a wand of flame (14)
 x - a wand of light (3)
Scrolls
 i - 2 scrolls of magic mapping
 l - a scroll of vulnerability {unknown}
 n - a scroll of enchant armour
 t - a scroll of enchant weapon {unknown}
 v - 4 scrolls of identify
Potions
 c - a potion of magic
 d - a potion of curing {unknown}
 f - 5 potions of degeneration {unknown}
 g - 2 potions of mutation {unknown}
 h - a potion of ambrosia {unknown}
 o - a potion of brilliance {unknown}
 p - a potion of flight {unknown}
 r - a potion of berserk rage {unknown}
 s - 3 potions of heal wounds


   Skills:
 + Level 6.6 Fighting
 + Level 6.1(7.0) Axes
 + Level 4.4(6.2) Maces & Flails
 + Level 2.8(4.9) Polearms
 + Level 0.6 Throwing
 + Level 6.2 Armour
 + Level 2.3 Dodging
 + Level 0.4 Stealth


You had 8 spell levels left.
You didn't know any spells.
Your spell library was empty.

Dungeon Overview and Level Annotations

Branches:
Dungeon (6/15)             Temple (0/1) D:4

Altars:
Uskayaw


Innate Abilities, Weirdness & Mutations

You are immune to sickness and miasma.
Your stone body is resilient. (AC +6)
You are immune to poison.
You resist negative energy. (rN+)
You are resistant to electric shocks. (rElec)
You are resistant to unholy torment.
You are immune to petrification.


Message History

* * * LOW HITPOINT WARNING * * *
The gnoll sergeant hits you but does no damage.
You see here a +0 halberd.
You whack the gnoll!
The gnoll is poisoned.
The gnoll is heavily wounded.
The gnoll hits you but does no damage. The gnoll sergeant closely misses you.
The orc priest miscasts a cantrip.
You hit the gnoll.
The gnoll looks as sick as possible!
The gnoll is severely wounded.
The orc priest hits you but does no damage.
The gnoll sergeant closely misses you. The gnoll hits you but does no damage.
You closely miss the gnoll.
The gnoll is severely wounded.
The orc priest hits you but does no damage.
The gnoll sergeant hits you but does no damage.
The gnoll hits you but does no damage.
You hit the gnoll.
You kill the gnoll!
Trog accepts your kill.
The gnoll sergeant hits you with a +0 spear.
* * * LOW HITPOINT WARNING * * *
The orc priest hits you but does no damage.
You hit the orc wizard.
The orc wizard is poisoned.
The orc wizard is moderately wounded.
You hit the orc wizard.
The orc wizard is moderately wounded.
The orc priest barely misses you.
The gnoll sergeant hits you but does no damage.
The orc wizard hits you but does no damage.
You hit the orc wizard.
The orc wizard looks as sick as possible!
The orc wizard is heavily wounded.
The orc wizard hits you but does no damage.
The gnoll sergeant hits you but does no damage.
The orc priest hits you but does no damage.
Unknown command.
It was a potion of cancellation.
You feel magically purged.
The orc priest invokes the aid of Beogh against you.
Beogh smites you!
You die...

#..........................
#....#.....................#
...##.##....................#
... #. ########..............
.. .. .....................#
# #########.............
#....#...#....
########.#######...#.
#.oo@)...# #.#### #.Dog#####
#. #...oo# .. #..?....#
..####### .


You could see a steam dragon, a gnoll sergeant, an orc priest, an orc wizard
(extremely poisoned) and 3 orcs.

Vanquished Creatures
  Sigmund (D:5)
  A water moccasin (D:5)
  Duvessa (D:4)
  An ice beast (D:5)
  2 ogres
  A centaur (D:6)
  A kobold brigand (D:6)
  A necrophage (D:6)
  3 scorpions
  Dowan (D:4)
  3 hounds
  3 jellies (D:5)
  An orc priest (D:5)
  A gnoll bouda (D:5)
  Jessica (D:2)
  4 iguanas
  7 orc wizards
  Robin (D:4)
  4 adders
  8 gnolls
  3 white imps (D:5)
  3 ufetubi
  2 worms (D:2)
  A dart slug (D:1)
  13 orcs
  4 ball pythons
  4 endoplasms
  12 goblins
  7 hobgoblins
  A quokka (D:3)
  4 bats
  4 frilled lizards
  8 kobolds
  11 rats (D:1)
123 creatures vanquished.

Vanquished Creatures (others)
  2 demonic plants (D:5)
2 creatures vanquished.

Grand Total: 125 creatures vanquished

Notes
Turn   | Place    | Note
-------+----------+-------------------------------------------
     0 | D:1      | Gargoyl the Gargoyle Berserker began the quest for the Orb.
     0 | D:1      | Reached XP level 1. HP: 14/14 MP: 1/1
   105 | D:1      | Reached XP level 2. HP: 18/19 MP: 2/2
   540 | D:1      | Found a faded altar of an unknown god.
   765 | D:1      | Reached XP level 3. HP: 24/24 MP: 3/3
   997 | D:2      | Found a hide-covered altar of Uskayaw.
  1056 | D:2      | Noticed Jessica
  1065 | D:2      | Killed Jessica
  1065 | D:2      | Reached ** piety under Trog
  1233 | D:2      | Reached XP level 4. HP: 29/29 MP: 4/4
  1860 | D:3      | Reached XP level 5. HP: 29/33 MP: 5/5
  2356 | D:4      | Found a staircase to the Ecumenical Temple.
  2467 | D:4      | Noticed an ogre
  2480 | D:4      | Killed an ogre
  2481 | D:4      | Reached XP level 6. HP: 40/40 MP: 6/6
  2518 | D:4      | Noticed Duvessa
  2518 | D:4      | Noticed Dowan
  2545 | D:4      | Killed Duvessa
  2546 | D:4      | Reached skill level 5 in Fighting
  2546 | D:4      | Reached skill level 5 in Axes
  2562 | D:4      | Killed Dowan
  2563 | D:4      | Reached XP level 7. HP: 15/44 MP: 7/7
  3068 | D:4      | Noticed Robin
  3089 | D:4      | Killed Robin
  3179 | D:5      | Entered Level 5 of the Dungeon
  3179 | D:5      | Noticed Sigmund
  3371 | D:5      | Killed Sigmund
  3372 | D:5      | Reached skill level 5 in Armour
  3442 | D:5      | Reached XP level 8. HP: 51/51 MP: 8/8
  3501 | D:5      | Reached skill level 1 in Polearms
  3737 | D:5      | Reached skill level 1 in Maces & Flails
  4487 | D:6      | Reached XP level 9. HP: 44/56 MP: 9/9
  4494 | D:6      | Reached *** piety under Trog
  4666 | D:6      | Killed from afar by an orc priest

Illustrated notes

Levels and vault maps discovered:
D:1:      dpeg_arrival_ratfight, layout_basic,
          hellmonk_ecumenical_altar_inner_sanctum, minmay_rat_gold_closets
D:2:      layout_loops_ring, basic_altar, uniq_jessica
D:3:      layout_rooms
D:4:      layout_basic, minmay_temple_entry_gardened_gates, uniq_duvessa,
          uniq_robin
D:5:      layout_cave_pools, serial_demonic, serial_demonic_b, serial_demonic_d,
          serial_demonic_c, serial_demonic_b, chequers_serial_rivers_small_a,
          uniq_sigmund
D:6:      layout_rooms, gammafunk_temple_overflow_claw, uniq_prince_ribbit1,
          uniq_menkaure

Skill      XL: |  1  2  3  4  5  6  7  8  9 |
---------------+----------------------------+-----
Axes           | 3 4 5 6 |  6.1
Fighting       | 4 5 6 |  6.6
Dodging        | 2 |  2.3
Armour         | 3 5 6 |  6.2
Polearms       | 2 |  2.8
Maces & Flails | 3 4 |  4.4
Throwing       | |  0.6
Stealth        | |  0.4

Action                     |  1- 3 |  4- 6 |  7- 9 || total
---------------------------+-------+-------+-------++-------
  Melee: Hand axe          |    94 |   174 |    89 ||   357
         Halberd           |       |       |    42 ||    42
         Punch             |       |       |     1 ||     1
         Whip              |       |       |   199 ||   199
  Throw: Javelin           |       |       |     8 ||     8
 Invoke: Berserk           |     1 |     4 |     2 ||     7
         Trog's Hand       |       |     2 |     6 ||     8
    Use: Scroll            |     4 |     6 |     1 ||    11
         Potion            |       |     3 |     2 ||     5
 Armour: Animal skin       |    13 |       |       ||    13
         Plate armour      |    26 |   171 |   363 ||   560
  Dodge: Dodged            |    38 |    50 |   188 ||   276

Table legend: (Time is in decaauts)
 A = Elapsed time spent in this place.
 B = Non-inter-level travel time spent in this place.
 C = Inter-level travel time spent in this place.
 D = Time resting spent in this place.
 E = Time spent auto-exploring this place.
 F = Levels seen in this place.
 G = Mean time per level.
                   A        B        C        D        E       F      G
               +--------+--------+--------+--------+--------+-----+--------+
         Total |   4755 |   4587 |    168 |    234 |   2934 |   6 |  792.5 |
       Dungeon |   4755 |   4587 |    168 |    234 |   2934 |   6 |  792.5 |
               +--------+--------+--------+--------+--------+-----+--------+

Top non-repeatable levels by time:
     D:5: 1137 daAuts
     D:4: 1106 daAuts
     D:1: 991 daAuts
     D:2: 674 daAuts
     D:3: 659 daAuts
     D:6: 185 daAuts
